WCHLSIM.com - West Coast Hockey League
html PUBLIC "-//W3C//DTD XHTML 1.0 Transitional//EN" "http://www.w3.org/TR/xhtml1/DTD/xhtml1-transitional.dtd"> WCHL - Game 1086 - WINNIPEG BEAVERS vs SEATTLE GRUNGE

WINNIPEG BEAVERS vs SEATTLE GRUNGE

Created - 24 mars 2024 at 20:37

Goals
1 2 3 T
WINNIPEG BEAVERS 3 2 0 5
SEATTLE GRUNGE 0 0 1 1
Shots
1 2 3 T
WINNIPEG BEAVERS 13 10 8 31
SEATTLE GRUNGE 6 8 8 22

1st period

1. WINNIPEG BEAVERS , Nikolaj Ehlers 12 (Victor Hedman 42, Jonathan Audy-Marchessault 16) at 7:31 (PP)
2. WINNIPEG BEAVERS , Jonathan Audy-Marchessault 10 (David Perron 29, John Carlson 34) at 9:15
3. WINNIPEG BEAVERS , Sam Bennett 19 (Brandon Saad 12, Victor Hedman 43) at 18:17 (PP)

Penalties :
Nick Seeler (SEA) for Hooking (Minor) at 1:46, Warren Foegele (SEA) for Roughing (Minor) at 5:48, David Perron (WIN) for Cross-checking (Minor) at 13:53, Nick Seeler (SEA) for Hooking (Minor) at 17:14

2nd period

4. WINNIPEG BEAVERS , Nikolaj Ehlers 13 (Matthew Nieto 3, Caleb Jones 4) at 10:04
5. WINNIPEG BEAVERS , Derick Brassard 2 (Brayden Schenn 37, Cal Clutterbuck 2) at 12:54

Penalties :
John Carlson (WIN) for Hooking (Minor) at 3:27, Morgan Geekie (SEA) for Interference (Minor) at 10:06, Luke Schenn (WIN) for Holding (Minor) at 15:20

3rd period

6. SEATTLE GRUNGE , Radim Simek 1 (Kaiden Guhle 22, William Nylander 41) at 2:34

Penalties :
Brayden Schenn (WIN) for Hooking (Minor) at 12:44, Jakub Vrana (SEA) for Hooking (Minor) at 16:33

Goalie Stats

Ville Husso (WIN), 21 saves from 22 shots - (0,955), W, 35-23-4, 60:00 minutes
Karel Vejmelka (SEA), 13 saves from 17 shots - (0,765), L, 24-32-6, 30:04 minutes
Casey DeSmith (SEA), 13 saves from 14 shots - (0,929), 29:56 minutes

Players Stats for WINNIPEG BEAVERS

Player Name              G  A  P  +/- PIM S  H  SB GA TA FO     MP     PP MP  PK MP  
------------------------------------------------------------------------------------
Adam Larsson             0  0  0  -1  0   2  2  1  0  0  0/0    21:37   3:17   3:23 
Brandon Saad             0  1  1  -1  0   3  0  0  0  0  1/2    17:06   5:08   0:00 
Brayden Schenn           0  1  1   2  2   3  2  0  0  0  18/30  24:24   3:35   3:54 
Cal Clutterbuck          0  1  1   1  0   0  0  0  0  0  1/2     3:24   0:00   0:00 
Caleb Jones              0  1  1   2  0   0  0  0  0  0  0/0    12:43   0:00   0:55 
David Perron             0  1  1   1  2   3  3  0  0  0  1/2    22:29   5:08   3:50 
Derick Brassard          1  0  1   1  0   1  0  0  0  0  4/5     5:19   0:45   1:44 
Erik Gustafsson          0  0  0  -1  0   2  0  0  0  0  0/0    21:37   3:17   3:23 
John Carlson             0  1  1   1  2   1  0  0  0  0  0/0    21:19   4:41   3:24 
Jonathan Audy-Marchessau 1  1  2   1  0   3  0  0  0  0  0/2    20:06   3:35   2:59 
Luke Schenn              0  0  0   2  2   0  3  0  0  0  0/0    12:32   0:45   0:00 
Matthew Nieto            0  1  1   1  0   2  0  0  0  0  0/0    14:27   0:00   0:00 
Nikolaj Ehlers           2  0  2   1  0   3  1  0  0  0  0/0    17:17   2:50   0:00 
Sam Bennett              1  0  1  -1  0   4  0  1  0  0  15/24  19:43   5:08   2:37 
Sean Kuraly              0  0  0   1  0   1  2  0  0  0  10/19  14:27   0:00   0:00 
Sebastien Aho            0  0  0   0  0   0  1  0  0  0  0/0     4:20   0:45   0:14 
Trevor Lewis             0  0  0  -1  0   1  1  0  0  0  1/1    13:20   0:00   0:48 
Victor Hedman            0  2  2   1  0   2  1  1  0  0  0/0    25:50   4:41   4:33 

Players Stats for SEATTLE GRUNGE

Player Name              G  A  P  +/- PIM S  H  SB GA TA FO     MP     PP MP  PK MP  
------------------------------------------------------------------------------------
Alexey Toropchenko       0  0  0  -1  0   0  0  0  0  0  0/1     7:42   0:00   3:09 
Brett Kulak              0  0  0  -2  0   1  2  3  0  0  0/0    23:05   3:04   4:36 
Chris Tierney            0  0  0  -1  0   0  0  0  0  0  0/0     4:33   0:00   0:00 
Curtis Lazar             0  0  0  -1  0   1  0  0  0  0  4/11    9:55   0:00   5:22 
Jakub Vrana              0  0  0   0  2   1  0  0  0  0  0/0     9:54   1:01   0:00 
Jimmy Vesey              0  0  0   0  0   1  0  0  0  0  0/1    15:09   0:48   5:22 
Kaiden Guhle             0  1  1   0  0   2  0  3  0  0  0/0    22:18   3:51   4:07 
Matthew Poitras          0  0  0  -1  0   1  0  0  0  0  5/21   17:44   3:06   0:00 
Morgan Geekie            0  0  0  -1  2   2  2  0  0  0  0/0    17:16   2:39   0:00 
Nick Seeler              0  0  0   0  4   1  2  0  0  0  0/0    14:32   0:58   0:00 
Radim Simek              1  0  1   0  0   1  1  0  0  0  0/0    15:45   0:00   0:38 
Sean Monahan             0  0  0   0  0   7  1  0  0  0  15/26  20:01   4:50   0:00 
Travis Boyd              0  0  0   0  0   0  1  0  0  0  7/15    8:59   0:00   0:00 
Travis Sanheim           0  0  0  -2  0   1  1  3  0  0  0/0    22:38   3:06   4:07 
Tyler Seguin             0  0  0   0  0   0  0  0  0  0  2/3    19:40   4:29   0:00 
Warren Foegele           0  0  0  -1  2   1  3  0  0  0  0/3    17:47   2:53   0:12 
William Borgen           0  0  0   0  0   0  0  2  0  0  0/0    20:52   4:05   3:58 
William Nylander         0  1  1   0  0   2  0  0  0  0  3/6    23:22   4:50   3:21 

3 Stars

1 - Nikolaj Ehlers (WIN)
2 - Jonathan Audy-Marchessault (WIN)
3 - Victor Hedman (WIN)

Power Play

WINNIPEG BEAVERS - 2 on 5 Attempt(s) - 40,00%
SEATTLE GRUNGE - 0 on 4 Attempt(s) - 0,00%

Penalty Kill

WINNIPEG BEAVERS - 4 on 4 Attempt(s) - 100,00% - Score 0 goal in Penalty Kill
SEATTLE GRUNGE - 3 on 5 Attempt(s) - 60,00% - Score 0 goal in Penalty Kill

Team Stat

WINNIPEG BEAVERS - Hits : 16 - Faceoff Wins : 51 - Blocked Shots : 3 - Penalty Minutes : 8
SEATTLE GRUNGE - Hits : 13 - Faceoff Wins : 36 - Blocked Shots : 11 - Penalty Minutes : 10

Official

Referees : Mike Campbell and Gord Dwyer
Linesman : Kelsey Mahoney and Jaime Alary

Game Notes

Casey DeSmith enters game at 10:04 of 2nd period

Finance

Level 1 -- Attendance: 6000 (100,00%) -- Ticket Income 900 000 $
Level 2 -- Attendance: 5000 (100,00%) -- Ticket Income 500 000 $
Level 3 -- Attendance: 2611 (87,03%) -- Ticket Income 169 715 $
Level 4 -- Attendance: 4245 (84,90%) -- Ticket Income 233 475 $
Luxury Box -- Attendance: 1000 (100,00%) -- Ticket Income 300 000 $
Total Attendance: 18856 (94,28%)
Total Ticket Income: 2 103 190 $
Other Expense: 21 032 $
Total Income: 2 082 158 $

WINNIPEG BEAVERS

5 vs 5 Forward 
   Center                   Left Wing                Right Wing               Time % Phy DF OF 
 1 Brayden Schenn           David Perron             Jonathan Audy-Marchessaul36     1   2  2  
 2 Sam Bennett              Brandon Saad             Trevor Lewis             31     1   2  2  
 3 Sean Kuraly              Nikolaj Ehlers           Matthew Nieto            23     1   2  2  
 4 Derick Brassard          Brayden Schenn           Cal Clutterbuck          10     1   2  2  

5 vs 5 Defense 
   Defense                  Defense                                           Time % Phy DF OF 
 1 Victor Hedman            John Carlson                                      36     1   2  2  
 2 Adam Larsson             Erik Gustafsson                                   31     1   2  2  
 3 Luke Schenn              Caleb Jones                                       23     1   2  2  
 4 Sebastien Aho            Victor Hedman                                     10     1   2  2  

PowerPlay Forward 
   Center                   Left Wing                Right Wing               Time % Phy DF OF 
 1 Brayden Schenn           Nikolaj Ehlers           Jonathan Audy-Marchessaul55     1   2  2  
 2 Sam Bennett              Brandon Saad             David Perron             45     1   2  2  

PowerPlay Defense
   Defense                  Defense                                           Time % Phy DF OF 
 1 Victor Hedman            John Carlson                                      55     1   2  2  
 2 Adam Larsson             Erik Gustafsson                                   45     1   2  2  

Penalty Kill 4 Players Forward 
   Center                   Wing                     Time % Phy DF OF 
 1 Brayden Schenn           David Perron             55     1   2  2  
 2 Jonathan Audy-MarchessaulSam Bennett              45     1   2  2  

Penalty Kill 4 Players Defense
   Defense                  Defense                  Time % Phy DF OF 
 1 Victor Hedman            John Carlson             55     1   2  2  
 2 Adam Larsson             Erik Gustafsson          45     1   2  2  

Penalty Kill - 3 Players Forward 
   Forward                                           Time % Phy DF OF 
 1 Brayden Schenn                                    55     1   2  2  
 2 David Perron                                      45     1   2  2  

Penalty Kill - 3 Players Defense
   Defense                  Defense                  Time % Phy DF OF 
 1 Victor Hedman            John Carlson             55     1   2  2  
 2 Adam Larsson             Erik Gustafsson          45     1   2  2  

4 vs 4 Forward 
   Center                   Wing                     Time % Phy DF OF 
 1 Brayden Schenn           David Perron             55     1   2  2  
 2 Jonathan Audy-MarchessaulSam Bennett              45     1   2  2  

4 vs 4 Defense
   Defense                  Defense                  Time % Phy DF OF 
 1 Victor Hedman            John Carlson             55     1   2  2  
 2 Adam Larsson             Erik Gustafsson          45     1   2  2  

Last Minutes Offensive
   Center                   Left Wing                Right Wing               Defense                  Defense                  
   Brayden Schenn           David Perron             Jonathan Audy-MarchessaulVictor Hedman            John Carlson             

Last Minutes Defensive
   Center                   Left Wing                Right Wing               Defense                  Defense                  
   Brayden Schenn           David Perron             Jonathan Audy-MarchessaulVictor Hedman            John Carlson             

Goaltenders
Starting : Ville Husso              
Backup : Logan Thompson           

Extra Forwards
Normal : Nikolaj Ehlers, Sean Kuraly, Derick Brassard - PP : Nikolaj Ehlers, Sean Kuraly - PK : Derick Brassard
Extra Defensemen
Normal : Luke Schenn, Caleb Jones, Sebastien Aho - PP : Luke Schenn - PK : Caleb Jones, Sebastien Aho
Penalty Shots
Brayden Schenn, David Perron, Jonathan Audy-Marchessault, Sam Bennett, Brandon Saad
Custom OT Lines Forwards
Brayden Schenn, David Perron, Jonathan Audy-Marchessault, Sam Bennett, Brandon Saad, Nikolaj Ehlers, Sean Kuraly, Trevor Lewis, Derick Brassard, Matthew Nieto
Custom OT Lines Defensemen
Victor Hedman, John Carlson, Adam Larsson, Erik Gustafsson, Luke Schenn

Scratches
None

SEATTLE GRUNGE

5 vs 5 Forward 
   Center                   Left Wing                Right Wing               Time % Phy DF OF 
 1 Sean Monahan             Tyler Seguin             William Nylander         36     1   2  2  
 2 Matthew Poitras          Warren Foegele           Morgan Geekie            31     1   2  2  
 3 Travis Boyd              Jakub Vrana              Jimmy Vesey              23     1   2  2  
 4 Curtis Lazar             Chris Tierney            Alexey Toropchenko       10     1   2  2  

5 vs 5 Defense 
   Defense                  Defense                                           Time % Phy DF OF 
 1 Travis Sanheim           Brett Kulak                                       37     1   2  2  
 2 Kaiden Guhle             Radim Simek                                       34     1   2  2  
 3 William Borgen           Nick Seeler                                       29     1   2  2  
 4 Kaiden Guhle             Travis Sanheim                                    0      1   2  2  

PowerPlay Forward 
   Center                   Left Wing                Right Wing               Time % Phy DF OF 
 1 Sean Monahan             Tyler Seguin             William Nylander         55     1   2  2  
 2 Matthew Poitras          Warren Foegele           Morgan Geekie            45     1   2  2  

PowerPlay Defense
   Defense                  Defense                                           Time % Phy DF OF 
 1 Travis Sanheim           William Borgen                                    55     1   2  2  
 2 Kaiden Guhle             Brett Kulak                                       45     1   2  2  

Penalty Kill 4 Players Forward 
   Center                   Wing                     Time % Phy DF OF 
 1 Curtis Lazar             Jimmy Vesey              55     1   2  2  
 2 William Nylander         Alexey Toropchenko       45     1   2  2  

Penalty Kill 4 Players Defense
   Defense                  Defense                  Time % Phy DF OF 
 1 William Borgen           Brett Kulak              55     1   2  2  
 2 Kaiden Guhle             Travis Sanheim           45     1   2  2  

Penalty Kill - 3 Players Forward 
   Forward                                           Time % Phy DF OF 
 1 Curtis Lazar                                      55     1   2  2  
 2 William Nylander                                  45     1   2  2  

Penalty Kill - 3 Players Defense
   Defense                  Defense                  Time % Phy DF OF 
 1 William Borgen           Brett Kulak              55     1   2  2  
 2 Kaiden Guhle             Travis Sanheim           45     1   2  2  

4 vs 4 Forward 
   Center                   Wing                     Time % Phy DF OF 
 1 Tyler Seguin             Sean Monahan             55     1   2  2  
 2 Travis Boyd              William Nylander         45     1   2  2  

4 vs 4 Defense
   Defense                  Defense                  Time % Phy DF OF 
 1 Travis Sanheim           Brett Kulak              55     1   2  2  
 2 Kaiden Guhle             William Borgen           45     1   2  2  

Last Minutes Offensive
   Center                   Left Wing                Right Wing               Defense                  Defense                  
   Sean Monahan             Tyler Seguin             William Nylander         Travis Boyd              Brett Kulak              

Last Minutes Defensive
   Center                   Left Wing                Right Wing               Defense                  Defense                  
   Sean Monahan             Tyler Seguin             William Nylander         Travis Boyd              Brett Kulak              

Goaltenders
Starting : Karel Vejmelka           
Backup : Casey DeSmith            

Extra Forwards
Normal : Curtis Lazar, Jakub Vrana, Alexey Toropchenko - PP : Curtis Lazar, Jakub Vrana - PK : Alexey Toropchenko
Extra Defensemen
Normal : William Borgen, Nick Seeler, Kaiden Guhle - PP : William Borgen - PK : Nick Seeler, Kaiden Guhle
Penalty Shots
Alexey Toropchenko, William Nylander, Travis Boyd, Curtis Lazar, Jimmy Vesey
Custom OT Lines Forwards
William Nylander, Sean Monahan, Travis Boyd, Tyler Seguin, Jimmy Vesey, Morgan Geekie, Curtis Lazar, Jakub Vrana, Alexey Toropchenko, Travis Sanheim
Custom OT Lines Defensemen
Travis Boyd, Brett Kulak, Kaiden Guhle, Nick Seeler, William Borgen

Scratches
Connor Dewar (Healthy), Rem Pitlick (Healthy)

% Time on Ice - WINNIPEG BEAVERS

Lines # - Real PCT - Wanted PCT - Time Play
Normal Forward
1 - 31% - 36% - 13:32
2 - 28% - 31% - 11:58
3 - 33% - 23% - 14:27
4 - 8% - 10% - 3:24
Normal Defense
1 - 31% - 36% - 13:15
2 - 34% - 31% - 14:57
3 - 27% - 23% - 11:48
4 - 8% - 10% - 3:21
PP Forward
1 - 41% - 55% - 3:35
2 - 59% - 45% - 5:08
PP Defense
1 - 62% - 55% - 5:26
2 - 38% - 45% - 3:17
PK Forward
1 - 67% - 55% - 5:19
2 - 33% - 45% - 2:37
PK Defense
1 - 57% - 55% - 4:33
2 - 43% - 45% - 3:23
PK3 Forward
1 - 0% - 55%
2 - 0% - 45%
PK3 Defense
1 - 0% - 55%
2 - 0% - 45%
44 Forward
1 - 0% - 55%
2 - 0% - 45%
44 Defense
1 - 0% - 55%
2 - 0% - 45%
Last Minute Offensive  - 0:00
Last Minute Defensive  - 0:00
Total
Forward - 60:00
Defense - 60:00

% Time on Ice - SEATTLE GRUNGE

Lines # - Real PCT - Wanted PCT - Time Play
Normal Forward
1 - 35% - 36% - 15:11
2 - 34% - 31% - 14:38
3 - 21% - 23% - 8:59
4 - 10% - 10% - 4:33
Normal Defense
1 - 36% - 37% - 15:25
2 - 35% - 34% - 15:07
3 - 30% - 29% - 12:49
4 - 0% - 0% - 0:00
PP Forward
1 - 64% - 55% - 5:03
2 - 36% - 45% - 2:53
PP Defense
1 - 61% - 55% - 4:52
2 - 39% - 45% - 3:04
PK Forward
1 - 62% - 55% - 5:22
2 - 38% - 45% - 3:21
PK Defense
1 - 53% - 55% - 4:36
2 - 47% - 45% - 4:07
PK3 Forward
1 - 0% - 55%
2 - 0% - 45%
PK3 Defense
1 - 0% - 55%
2 - 0% - 45%
44 Forward
1 - 0% - 55%
2 - 0% - 45%
44 Defense
1 - 0% - 55%
2 - 0% - 45%
Last Minute Offensive  - 0:00
Last Minute Defensive  - 0:00
Total
Forward - 60:00
Defense - 60:00

Play-by-Play

1st period


0:01 of 1st period - William Nylander wins face-off versus Brayden Schenn in neutral zone.
0:23 of 1st period - Shot by David Perron.
0:23 of 1st period - Stopped by Karel Vejmelka with a rebound.
0:26 of 1st period - Icing by Travis Sanheim.
0:27 of 1st period - Sean Monahan wins face-off versus Sam Bennett in SEATTLE GRUNGE zone.
0:38 of 1st period - Shot by William Nylander.
0:38 of 1st period - Shot Misses the Net.
0:40 of 1st period - Shot by William Nylander.
0:40 of 1st period - Shot Misses the Net.
0:42 of 1st period - Shot by Sean Monahan.
0:42 of 1st period - Stopped by Ville Husso without a rebound.
0:43 of 1st period - Sean Kuraly wins face-off versus Matthew Poitras in WINNIPEG BEAVERS zone.
1:44 of 1st period - Shot by Sam Bennett.
1:44 of 1st period - Stopped by Karel Vejmelka without a rebound.
1:45 of 1st period - Brayden Schenn wins face-off versus Travis Boyd in SEATTLE GRUNGE zone.
1:45 of 1st period - Brayden Schenn is hit by Nick Seeler.
1:46 of 1st period - Minor Penalty to Nick Seeler for Hooking.
1:47 of 1st period - Sam Bennett wins face-off versus Curtis Lazar in SEATTLE GRUNGE zone.
1:48 of 1st period - Shot by John Carlson.
1:48 of 1st period - Stopped by Karel Vejmelka with a rebound.
2:19 of 1st period - Shot by Sam Bennett.
2:19 of 1st period - Shot Blocked by William Borgen.
2:21 of 1st period - Shot by Victor Hedman.
2:21 of 1st period - Deflect By Sam Bennett.
2:21 of 1st period - Shot Misses the Net.
2:55 of 1st period - Shot by Nikolaj Ehlers.
2:55 of 1st period - Shot Misses the Net.
2:57 of 1st period - Shot by Brayden Schenn.
2:57 of 1st period - Shot Blocked by Brett Kulak.
2:59 of 1st period - Shot by Erik Gustafsson.
2:59 of 1st period - Stopped by Karel Vejmelka without a rebound.
3:00 of 1st period - Curtis Lazar wins face-off versus Brayden Schenn in SEATTLE GRUNGE zone.
3:29 of 1st period - Shot by Erik Gustafsson.
3:29 of 1st period - Stopped by Karel Vejmelka without a rebound.
3:30 of 1st period - Sam Bennett wins face-off versus William Nylander in SEATTLE GRUNGE zone.
3:38 of 1st period - Icing by John Carlson.
3:39 of 1st period - William Nylander wins face-off versus Sam Bennett in WINNIPEG BEAVERS zone.
3:43 of 1st period - Icing by Victor Hedman.
3:44 of 1st period - Sam Bennett wins face-off versus Curtis Lazar in WINNIPEG BEAVERS zone.
4:05 of 1st period - Shot by Sean Monahan.
4:05 of 1st period - Stopped by Ville Husso without a rebound.
4:06 of 1st period - Sam Bennett wins face-off versus Travis Boyd in WINNIPEG BEAVERS zone.
4:27 of 1st period - Shot by Victor Hedman.
4:27 of 1st period - Shot Misses the Net.
4:29 of 1st period - Shot by Victor Hedman.
4:29 of 1st period - Shot Blocked by Brett Kulak.
4:31 of 1st period - Shot by Brandon Saad.
4:31 of 1st period - Shot Blocked by Travis Sanheim.
4:33 of 1st period - Shot by Sam Bennett.
4:33 of 1st period - Shot Misses the Net.
4:39 of 1st period - Shot by Sam Bennett.
4:39 of 1st period - Stopped by Karel Vejmelka without a rebound.
4:40 of 1st period - Brayden Schenn wins face-off versus Sean Monahan in SEATTLE GRUNGE zone.
4:45 of 1st period - Shot by David Perron.
4:45 of 1st period - Stopped by Karel Vejmelka without a rebound.
4:46 of 1st period - Sean Monahan wins face-off versus Brayden Schenn in SEATTLE GRUNGE zone.
4:46 of 1st period - Sean Monahan is hit by David Perron.
5:00 of 1st period - Shot by Sean Monahan.
5:00 of 1st period - Stopped by Ville Husso without a rebound.
5:01 of 1st period - Sean Kuraly wins face-off versus Travis Boyd in WINNIPEG BEAVERS zone.
5:34 of 1st period - Shot by Jakub Vrana.
5:34 of 1st period - Stopped by Ville Husso without a rebound.
5:35 of 1st period - Brayden Schenn wins face-off versus Matthew Poitras in WINNIPEG BEAVERS zone.
5:40 of 1st period - Luke Schenn is hit by Warren Foegele and loses puck.
5:48 of 1st period - Minor Penalty to Warren Foegele for Roughing.
5:49 of 1st period - Sam Bennett wins face-off versus Curtis Lazar in SEATTLE GRUNGE zone.
7:31 of 1st period - Shot by Victor Hedman.
7:31 of 1st period - Deflect By Nikolaj Ehlers.
7:31 of 1st period - Goal by Nikolaj Ehlers - WINNIPEG BEAVERS : 1 - SEATTLE GRUNGE : 0.
7:32 of 1st period - Derick Brassard wins face-off versus Matthew Poitras in neutral zone.
7:46 of 1st period - Icing by Matthew Poitras.
7:47 of 1st period - Sean Kuraly wins face-off versus Matthew Poitras in SEATTLE GRUNGE zone.
8:18 of 1st period - Shot by Nikolaj Ehlers.
8:18 of 1st period - Stopped by Karel Vejmelka without a rebound.
8:19 of 1st period - Sean Monahan wins face-off versus Sam Bennett in SEATTLE GRUNGE zone.
8:19 of 1st period - Sean Monahan is hit by Trevor Lewis.
9:15 of 1st period - Shot by Jonathan Audy-Marchessault.
9:15 of 1st period - Goal by Jonathan Audy-Marchessault - WINNIPEG BEAVERS : 2 - SEATTLE GRUNGE : 0.
9:16 of 1st period - Brayden Schenn wins face-off versus Travis Boyd in neutral zone.
9:29 of 1st period - Shot by Brayden Schenn.
9:29 of 1st period - Stopped by Karel Vejmelka with a rebound.
9:31 of 1st period - Shot by Victor Hedman.
9:31 of 1st period - Shot Hit the Post.
9:49 of 1st period - Shot by David Perron.
9:49 of 1st period - Shot Misses the Net.
9:51 of 1st period - Shot by Brayden Schenn.
9:51 of 1st period - Stopped by Karel Vejmelka without a rebound.
9:52 of 1st period - Sean Kuraly wins face-off versus Matthew Poitras in SEATTLE GRUNGE zone.
10:20 of 1st period - Icing by Matthew Nieto.
10:21 of 1st period - Sean Monahan wins face-off versus Sean Kuraly in WINNIPEG BEAVERS zone.
10:26 of 1st period - Shot by Sean Monahan.
10:26 of 1st period - Stopped by Ville Husso without a rebound.
10:27 of 1st period - Brayden Schenn wins face-off versus Sean Monahan in WINNIPEG BEAVERS zone.
12:35 of 1st period - Nikolaj Ehlers is hit by Morgan Geekie and loses puck.
12:44 of 1st period - Shot by Morgan Geekie.
12:44 of 1st period - Deflect By Matthew Poitras.
12:44 of 1st period - Shot Misses the Net.
13:08 of 1st period - Travis Sanheim is hit by Sean Kuraly.
13:36 of 1st period - Icing by Luke Schenn.
13:37 of 1st period - Sean Kuraly wins face-off versus William Nylander in WINNIPEG BEAVERS zone.
13:53 of 1st period - Minor Penalty to David Perron for Cross-checking.
13:54 of 1st period - Brayden Schenn wins face-off versus Sean Monahan in WINNIPEG BEAVERS zone.
14:26 of 1st period - Shot by Travis Sanheim.
14:26 of 1st period - Shot Hit the Post.
14:28 of 1st period - Shot by William Nylander.
14:28 of 1st period - Stopped by Ville Husso without a rebound.
14:29 of 1st period - Brayden Schenn wins face-off versus Warren Foegele in WINNIPEG BEAVERS zone.
15:57 of 1st period - Icing by Radim Simek.
15:58 of 1st period - Travis Boyd wins face-off versus Sean Kuraly in SEATTLE GRUNGE zone.
17:14 of 1st period - Minor Penalty to Nick Seeler for Hooking.
17:15 of 1st period - Curtis Lazar wins face-off versus Brayden Schenn in SEATTLE GRUNGE zone.
17:51 of 1st period - Shot by Brayden Schenn.
17:51 of 1st period - Shot Misses the Net.
17:53 of 1st period - Shot by Nikolaj Ehlers.
17:53 of 1st period - Shot Misses the Net.
18:13 of 1st period - Shot by Victor Hedman.
18:13 of 1st period - Shot Misses the Net.
18:15 of 1st period - Shot by Brandon Saad.
18:15 of 1st period - Shot Misses the Net.
18:17 of 1st period - Shot by Sam Bennett.
18:17 of 1st period - Goal by Sam Bennett - WINNIPEG BEAVERS : 3 - SEATTLE GRUNGE : 0.
18:18 of 1st period - Sean Monahan wins face-off versus Sam Bennett in neutral zone.
18:20 of 1st period - William Nylander is hit by Luke Schenn and loses puck.
19:46 of 1st period - Shot by Morgan Geekie.
19:46 of 1st period - Shot Misses the Net.
Goals for this period are 3 for WINNIPEG BEAVERS vs 0 for SEATTLE GRUNGE.
Shots for this period are 13 for WINNIPEG BEAVERS vs 6 for SEATTLE GRUNGE.

2nd period


0:01 of 2nd period - Brayden Schenn wins face-off versus Matthew Poitras in neutral zone.
0:24 of 2nd period - Shot by David Perron.
0:24 of 2nd period - Shot Blocked by Travis Sanheim.
0:31 of 2nd period - Brayden Schenn is hit by Brett Kulak and loses puck.
1:01 of 2nd period - Off-side.
1:02 of 2nd period - Sam Bennett wins face-off versus William Nylander in neutral zone.
1:16 of 2nd period - Icing by Kaiden Guhle.
1:17 of 2nd period - Sean Monahan wins face-off versus Sean Kuraly in SEATTLE GRUNGE zone.
1:17 of 2nd period - Sean Monahan is hit by Sean Kuraly.
2:14 of 2nd period - Icing by William Borgen.
2:15 of 2nd period - Brayden Schenn wins face-off versus Travis Boyd in SEATTLE GRUNGE zone.
2:49 of 2nd period - Icing by Nick Seeler.
2:50 of 2nd period - Sam Bennett wins face-off versus Travis Boyd in SEATTLE GRUNGE zone.
3:14 of 2nd period - Brandon Saad is hit by Travis Sanheim and loses puck.
3:17 of 2nd period - Shot by Sam Bennett.
3:17 of 2nd period - Shot Blocked by Travis Sanheim.
3:19 of 2nd period - Shot by Brandon Saad.
3:19 of 2nd period - Stopped by Karel Vejmelka without a rebound.
3:20 of 2nd period - Sean Monahan wins face-off versus Brayden Schenn in SEATTLE GRUNGE zone.
3:20 of 2nd period - Sean Monahan is hit by David Perron.
3:27 of 2nd period - Minor Penalty to John Carlson for Hooking.
3:28 of 2nd period - Tyler Seguin wins face-off versus Brayden Schenn in WINNIPEG BEAVERS zone.
3:33 of 2nd period - Shot by Sean Monahan.
3:33 of 2nd period - Shot Blocked by Victor Hedman.
5:20 of 2nd period - Shot by Sean Monahan.
5:20 of 2nd period - Stopped by Ville Husso with a rebound.
5:22 of 2nd period - Shot by Kaiden Guhle.
5:22 of 2nd period - Stopped by Ville Husso without a rebound.
5:23 of 2nd period - Sam Bennett wins face-off versus Matthew Poitras in WINNIPEG BEAVERS zone.
5:33 of 2nd period - Off-side.
5:34 of 2nd period - Travis Boyd wins face-off versus Sean Kuraly in neutral zone.
5:51 of 2nd period - John Carlson is hit by Travis Boyd and loses puck.
6:28 of 2nd period - Off-side.
6:29 of 2nd period - Brayden Schenn wins face-off versus Matthew Poitras in neutral zone.
6:32 of 2nd period - Shot by David Perron.
6:32 of 2nd period - Shot Misses the Net.
6:49 of 2nd period - Icing by Travis Sanheim.
6:50 of 2nd period - Sam Bennett wins face-off versus Matthew Poitras in SEATTLE GRUNGE zone.
6:51 of 2nd period - Shot by Brandon Saad.
6:51 of 2nd period - Stopped by Karel Vejmelka without a rebound.
6:52 of 2nd period - Sean Monahan wins face-off versus Brayden Schenn in SEATTLE GRUNGE zone.
7:06 of 2nd period - Shot by Erik Gustafsson.
7:06 of 2nd period - Shot Misses the Net.
7:24 of 2nd period - Shot by David Perron.
7:24 of 2nd period - Deflect By Jonathan Audy-Marchessault.
7:24 of 2nd period - Stopped by Karel Vejmelka without a rebound.
7:25 of 2nd period - Matthew Poitras wins face-off versus Sam Bennett in SEATTLE GRUNGE zone.
7:32 of 2nd period - Shot by Sam Bennett.
7:32 of 2nd period - Shot Misses the Net.
7:47 of 2nd period - Sam Bennett is hit by Brett Kulak.
8:29 of 2nd period - Icing by William Nylander.
8:30 of 2nd period - Brayden Schenn wins face-off versus Sean Monahan in SEATTLE GRUNGE zone.
8:32 of 2nd period - David Perron is hit by Nick Seeler and loses puck.
8:41 of 2nd period - Shot by David Perron.
8:41 of 2nd period - Shot Misses the Net.
8:43 of 2nd period - Shot by Jonathan Audy-Marchessault.
8:43 of 2nd period - Shot Misses the Net.
8:53 of 2nd period - Shot by Jonathan Audy-Marchessault.
8:53 of 2nd period - Shot Misses the Net.
8:57 of 2nd period - Shot by Brayden Schenn.
8:57 of 2nd period - Shot Misses the Net.
9:07 of 2nd period - Shot by Brayden Schenn.
9:07 of 2nd period - Shot Blocked by William Borgen.
9:11 of 2nd period - Shot by Brayden Schenn.
9:11 of 2nd period - Deflect By Jonathan Audy-Marchessault.
9:11 of 2nd period - Shot Misses the Net.
9:13 of 2nd period - Shot by Adam Larsson.
9:13 of 2nd period - Shot Hit the Post.
9:28 of 2nd period - Off-side.
9:29 of 2nd period - Sean Kuraly wins face-off versus Curtis Lazar in neutral zone.
10:04 of 2nd period - Shot by Nikolaj Ehlers.
10:04 of 2nd period - Goal by Nikolaj Ehlers - WINNIPEG BEAVERS : 4 - SEATTLE GRUNGE : 0.
10:04 of 2nd period - Casey DeSmith enters game.
10:05 of 2nd period - Trevor Lewis wins face-off versus Matthew Poitras in neutral zone.
10:05 of 2nd period - Trevor Lewis is hit by Morgan Geekie.
10:06 of 2nd period - Minor Penalty to Morgan Geekie for Interference.
10:07 of 2nd period - Sam Bennett wins face-off versus Curtis Lazar in SEATTLE GRUNGE zone.
10:28 of 2nd period - Shot by John Carlson.
10:28 of 2nd period - Shot Misses the Net.
10:30 of 2nd period - Shot by Victor Hedman.
10:30 of 2nd period - Stopped by Casey DeSmith without a rebound.
10:31 of 2nd period - William Nylander wins face-off versus Brayden Schenn in SEATTLE GRUNGE zone.
11:08 of 2nd period - Shot by Jonathan Audy-Marchessault.
11:08 of 2nd period - Stopped by Casey DeSmith without a rebound.
11:09 of 2nd period - Sam Bennett wins face-off versus Jimmy Vesey in SEATTLE GRUNGE zone.
11:14 of 2nd period - Shot by David Perron.
11:14 of 2nd period - Deflect By Sam Bennett.
11:14 of 2nd period - Shot Misses the Net.
11:40 of 2nd period - Shot by John Carlson.
11:40 of 2nd period - Shot Misses the Net.
11:42 of 2nd period - Shot by John Carlson.
11:42 of 2nd period - Shot Misses the Net.
11:44 of 2nd period - Shot by Victor Hedman.
11:44 of 2nd period - Shot Blocked by Kaiden Guhle.
12:20 of 2nd period - Shot by William Nylander.
12:20 of 2nd period - Shot Misses the Net.
12:22 of 2nd period - Shot by William Nylander.
12:22 of 2nd period - Stopped by Ville Husso without a rebound.
12:23 of 2nd period - Sean Kuraly wins face-off versus Warren Foegele in WINNIPEG BEAVERS zone.
12:39 of 2nd period - Shot by Nikolaj Ehlers.
12:39 of 2nd period - Shot Misses the Net.
12:45 of 2nd period - Shot by Nikolaj Ehlers.
12:45 of 2nd period - Shot Misses the Net.
12:50 of 2nd period - Icing by Matthew Poitras.
12:51 of 2nd period - Cal Clutterbuck wins face-off versus Matthew Poitras in SEATTLE GRUNGE zone.
12:54 of 2nd period - Shot by Derick Brassard.
12:54 of 2nd period - Goal by Derick Brassard - WINNIPEG BEAVERS : 5 - SEATTLE GRUNGE : 0.
12:55 of 2nd period - Brayden Schenn wins face-off versus Sean Monahan in neutral zone.
13:16 of 2nd period - Shot by David Perron.
13:16 of 2nd period - Stopped by Casey DeSmith without a rebound.
13:17 of 2nd period - Travis Boyd wins face-off versus Sam Bennett in SEATTLE GRUNGE zone.
13:59 of 2nd period - Off-side.
14:00 of 2nd period - Brayden Schenn wins face-off versus Matthew Poitras in neutral zone.
14:00 of 2nd period - Brayden Schenn is hit by Warren Foegele.
14:26 of 2nd period - Shot by Matthew Poitras.
14:26 of 2nd period - Shot Misses the Net.
14:28 of 2nd period - Shot by Matthew Poitras.
14:28 of 2nd period - Stopped by Ville Husso without a rebound.
14:29 of 2nd period - Sean Kuraly wins face-off versus Sean Monahan in WINNIPEG BEAVERS zone.
14:29 of 2nd period - Sean Kuraly is hit by Sean Monahan.
14:42 of 2nd period - William Borgen is hit by Luke Schenn and loses puck.
15:09 of 2nd period - Shot by Sean Monahan.
15:09 of 2nd period - Stopped by Ville Husso with a rebound.
15:11 of 2nd period - Shot by Sean Monahan.
15:11 of 2nd period - Shot Misses the Net.
15:20 of 2nd period - Minor Penalty to Luke Schenn for Holding.
15:21 of 2nd period - Matthew Poitras wins face-off versus David Perron in WINNIPEG BEAVERS zone.
15:31 of 2nd period - Shot by Morgan Geekie.
15:31 of 2nd period - Stopped by Ville Husso with a rebound.
15:33 of 2nd period - Shot by Kaiden Guhle.
15:33 of 2nd period - Shot Misses the Net.
15:35 of 2nd period - Shot by Brett Kulak.
15:35 of 2nd period - Stopped by Ville Husso without a rebound.
15:36 of 2nd period - Brayden Schenn wins face-off versus Matthew Poitras in WINNIPEG BEAVERS zone.
15:36 of 2nd period - Brayden Schenn is hit by Warren Foegele.
16:42 of 2nd period - Off-side.
16:43 of 2nd period - Sean Monahan wins face-off versus Jonathan Audy-Marchessault in neutral zone.
17:08 of 2nd period - Shot by William Nylander.
17:08 of 2nd period - Shot Misses the Net.
17:10 of 2nd period - Shot by Travis Sanheim.
17:10 of 2nd period - Stopped by Ville Husso without a rebound.
17:11 of 2nd period - Matthew Poitras wins face-off versus Brayden Schenn in WINNIPEG BEAVERS zone.
17:22 of 2nd period - Shot by Jimmy Vesey.
17:22 of 2nd period - Shot Misses the Net.
17:25 of 2nd period - Icing by Caleb Jones.
17:26 of 2nd period - Sean Kuraly wins face-off versus Travis Boyd in WINNIPEG BEAVERS zone.
17:43 of 2nd period - Shot by Sean Kuraly.
17:43 of 2nd period - Stopped by Casey DeSmith without a rebound.
17:44 of 2nd period - Brayden Schenn wins face-off versus Matthew Poitras in SEATTLE GRUNGE zone.
17:56 of 2nd period - Travis Sanheim is hit by Brayden Schenn.
18:33 of 2nd period - Icing by John Carlson.
18:34 of 2nd period - Brayden Schenn wins face-off versus Tyler Seguin in WINNIPEG BEAVERS zone.
18:49 of 2nd period - Shot by Sean Monahan.
18:49 of 2nd period - Shot Misses the Net.
18:51 of 2nd period - Shot by Sean Monahan.
18:51 of 2nd period - Shot Misses the Net.
18:56 of 2nd period - Icing by John Carlson.
18:57 of 2nd period - Travis Boyd wins face-off versus Brayden Schenn in WINNIPEG BEAVERS zone.
19:22 of 2nd period - Icing by Nick Seeler.
19:23 of 2nd period - Travis Boyd wins face-off versus Sam Bennett in SEATTLE GRUNGE zone.
19:43 of 2nd period - Shot by Sam Bennett.
19:43 of 2nd period - Shot Misses the Net.
19:45 of 2nd period - Shot by Adam Larsson.
19:45 of 2nd period - Shot Misses the Net.
19:47 of 2nd period - Shot by Adam Larsson.
19:47 of 2nd period - Stopped by Casey DeSmith without a rebound.
19:48 of 2nd period - Sean Monahan wins face-off versus Sean Kuraly in SEATTLE GRUNGE zone.
19:52 of 2nd period - Off-side.
19:53 of 2nd period - Sean Kuraly wins face-off versus Sean Monahan in neutral zone.
Goals for this period are 2 for WINNIPEG BEAVERS vs 0 for SEATTLE GRUNGE.
Shots for this period are 10 for WINNIPEG BEAVERS vs 8 for SEATTLE GRUNGE.

3rd period


0:01 of 3rd period - Tyler Seguin wins face-off versus Brayden Schenn in neutral zone.
1:08 of 3rd period - Radim Simek is hit by Adam Larsson and loses puck.
1:21 of 3rd period - Shot by Sam Bennett.
1:21 of 3rd period - Deflect By Brandon Saad.
1:21 of 3rd period - Stopped by Casey DeSmith without a rebound.
1:22 of 3rd period - Curtis Lazar wins face-off versus Sean Kuraly in SEATTLE GRUNGE zone.
1:22 of 3rd period - Curtis Lazar is hit by Nikolaj Ehlers.
1:45 of 3rd period - Shot by Matthew Nieto.
1:45 of 3rd period - Stopped by Casey DeSmith with a rebound.
1:48 of 3rd period - Icing by William Borgen.
1:49 of 3rd period - Sam Bennett wins face-off versus Alexey Toropchenko in SEATTLE GRUNGE zone.
1:58 of 3rd period - Shot by Sam Bennett.
1:58 of 3rd period - Shot Misses the Net.
2:00 of 3rd period - Shot by Adam Larsson.
2:00 of 3rd period - Stopped by Casey DeSmith without a rebound.
2:01 of 3rd period - Matthew Poitras wins face-off versus Brayden Schenn in SEATTLE GRUNGE zone.
2:26 of 3rd period - Shot by Warren Foegele.
2:26 of 3rd period - Stopped by Ville Husso without a rebound.
2:27 of 3rd period - Sean Monahan wins face-off versus Sam Bennett in WINNIPEG BEAVERS zone.
2:28 of 3rd period - Shot by Tyler Seguin.
2:28 of 3rd period - Shot Misses the Net.
2:30 of 3rd period - Shot by William Nylander.
2:30 of 3rd period - Shot Misses the Net.
2:32 of 3rd period - Shot by Kaiden Guhle.
2:32 of 3rd period - Stopped by Ville Husso with a rebound.
2:34 of 3rd period - Shot by Radim Simek.
2:34 of 3rd period - Goal by Radim Simek - WINNIPEG BEAVERS : 5 - SEATTLE GRUNGE : 1.
2:35 of 3rd period - Sean Monahan wins face-off versus Sam Bennett in neutral zone.
2:39 of 3rd period - Off-side.
2:40 of 3rd period - Brayden Schenn wins face-off versus Sean Monahan in neutral zone.
3:00 of 3rd period - Off-side.
3:01 of 3rd period - Matthew Poitras wins face-off versus Brandon Saad in neutral zone.
3:03 of 3rd period - Morgan Geekie is hit by Adam Larsson and loses puck.
3:18 of 3rd period - Shot by Trevor Lewis.
3:18 of 3rd period - Stopped by Casey DeSmith without a rebound.
3:19 of 3rd period - Sean Monahan wins face-off versus Jonathan Audy-Marchessault in SEATTLE GRUNGE zone.
3:19 of 3rd period - William Nylander is hit by David Perron and loses puck.
3:54 of 3rd period - Shot by Brayden Schenn.
3:54 of 3rd period - Shot Misses the Net.
4:21 of 3rd period - Off-side.
4:22 of 3rd period - Brandon Saad wins face-off versus Matthew Poitras in neutral zone.
4:53 of 3rd period - Shot by Morgan Geekie.
4:53 of 3rd period - Stopped by Ville Husso without a rebound.
4:54 of 3rd period - Travis Boyd wins face-off versus Sean Kuraly in WINNIPEG BEAVERS zone.
5:11 of 3rd period - Shot by Travis Boyd.
5:11 of 3rd period - Shot Misses the Net.
5:29 of 3rd period - Shot by Matthew Nieto.
5:29 of 3rd period - Stopped by Casey DeSmith without a rebound.
5:30 of 3rd period - Brayden Schenn wins face-off versus Sean Monahan in SEATTLE GRUNGE zone.
5:39 of 3rd period - Shot by Jonathan Audy-Marchessault.
5:39 of 3rd period - Shot Misses the Net.
5:55 of 3rd period - Shot by Brayden Schenn.
5:55 of 3rd period - Shot Misses the Net.
5:57 of 3rd period - Shot by Brayden Schenn.
5:57 of 3rd period - Stopped by Casey DeSmith without a rebound.
5:58 of 3rd period - Sam Bennett wins face-off versus Warren Foegele in SEATTLE GRUNGE zone.
6:05 of 3rd period - Shot by Brandon Saad.
6:05 of 3rd period - Shot Blocked by Kaiden Guhle.
6:07 of 3rd period - Shot by Erik Gustafsson.
6:07 of 3rd period - Shot Misses the Net.
6:24 of 3rd period - Brandon Saad is hit by Radim Simek.
6:32 of 3rd period - Shot by Brandon Saad.
6:32 of 3rd period - Shot Misses the Net.
6:58 of 3rd period - Shot by David Perron.
6:58 of 3rd period - Shot Misses the Net.
7:00 of 3rd period - Shot by David Perron.
7:00 of 3rd period - Shot Blocked by Kaiden Guhle.
7:22 of 3rd period - Shot by David Perron.
7:22 of 3rd period - Deflect By Jonathan Audy-Marchessault.
7:22 of 3rd period - Shot Misses the Net.
7:24 of 3rd period - Shot by Brayden Schenn.
7:24 of 3rd period - Shot Misses the Net.
8:47 of 3rd period - Shot by Sam Bennett.
8:47 of 3rd period - Shot Misses the Net.
8:59 of 3rd period - Shot by Sam Bennett.
8:59 of 3rd period - Stopped by Casey DeSmith with a rebound.
9:18 of 3rd period - Icing by Victor Hedman.
9:19 of 3rd period - Derick Brassard wins face-off versus Sean Monahan in WINNIPEG BEAVERS zone.
9:44 of 3rd period - Sean Monahan is hit by Sebastien Aho and loses puck.
10:12 of 3rd period - Icing by Brayden Schenn.
10:13 of 3rd period - Derick Brassard wins face-off versus Travis Boyd in WINNIPEG BEAVERS zone.
10:33 of 3rd period - Jimmy Vesey is hit by Victor Hedman and loses puck.
10:38 of 3rd period - Shot by Travis Boyd.
10:38 of 3rd period - Deflect By Jakub Vrana.
10:38 of 3rd period - Shot Misses the Net.
10:47 of 3rd period - Icing by Victor Hedman.
10:48 of 3rd period - Curtis Lazar wins face-off versus Cal Clutterbuck in WINNIPEG BEAVERS zone.
10:51 of 3rd period - Shot by Curtis Lazar.
10:51 of 3rd period - Stopped by Ville Husso with a rebound.
12:10 of 3rd period - Travis Sanheim is hit by Luke Schenn and loses puck.
12:25 of 3rd period - Shot by Nikolaj Ehlers.
12:25 of 3rd period - Shot Misses the Net.
12:44 of 3rd period - Minor Penalty to Brayden Schenn for Hooking.
12:45 of 3rd period - David Perron wins face-off versus Sean Monahan in WINNIPEG BEAVERS zone.
13:00 of 3rd period - Icing by Sean Monahan.
13:01 of 3rd period - Sean Monahan wins face-off versus Derick Brassard in SEATTLE GRUNGE zone.
14:06 of 3rd period - Shot by Sean Monahan.
14:06 of 3rd period - Stopped by Ville Husso with a rebound.
14:08 of 3rd period - Shot by Sean Monahan.
14:08 of 3rd period - Shot Blocked by Adam Larsson.
14:10 of 3rd period - Shot by Kaiden Guhle.
14:10 of 3rd period - Shot Blocked by Sam Bennett.
14:12 of 3rd period - Shot by Jimmy Vesey.
14:12 of 3rd period - Shot Misses the Net.
14:30 of 3rd period - Shot by Jimmy Vesey.
14:30 of 3rd period - Stopped by Ville Husso without a rebound.
14:31 of 3rd period - Derick Brassard wins face-off versus Matthew Poitras in WINNIPEG BEAVERS zone.
14:48 of 3rd period - Icing by Caleb Jones.
14:49 of 3rd period - Travis Boyd wins face-off versus Sean Kuraly in WINNIPEG BEAVERS zone.
14:50 of 3rd period - Shot by Nick Seeler.
14:50 of 3rd period - Stopped by Ville Husso without a rebound.
14:51 of 3rd period - Sean Monahan wins face-off versus Sean Kuraly in WINNIPEG BEAVERS zone.
15:12 of 3rd period - Shot by William Nylander.
15:12 of 3rd period - Deflect By Tyler Seguin.
15:12 of 3rd period - Shot Misses the Net.
16:28 of 3rd period - Shot by Jakub Vrana.
16:28 of 3rd period - Deflect By Travis Boyd.
16:28 of 3rd period - Shot Misses the Net.
16:30 of 3rd period - Shot by Jimmy Vesey.
16:30 of 3rd period - Deflect By Jakub Vrana.
16:30 of 3rd period - Shot Hit the Post.
16:33 of 3rd period - Minor Penalty to Jakub Vrana for Hooking.
16:34 of 3rd period - Sam Bennett wins face-off versus Curtis Lazar in SEATTLE GRUNGE zone.
16:37 of 3rd period - Shot by Victor Hedman.
16:37 of 3rd period - Shot Misses the Net.
16:39 of 3rd period - Shot by Victor Hedman.
16:39 of 3rd period - Stopped by Casey DeSmith without a rebound.
16:40 of 3rd period - Sam Bennett wins face-off versus Curtis Lazar in SEATTLE GRUNGE zone.
17:01 of 3rd period - Shot by Victor Hedman.
17:01 of 3rd period - Shot Misses the Net.
17:03 of 3rd period - Shot by Victor Hedman.
17:03 of 3rd period - Shot Blocked by Brett Kulak.
17:11 of 3rd period - Shot by David Perron.
17:11 of 3rd period - Shot Hit the Post.
18:05 of 3rd period - Alexey Toropchenko is hit by Brayden Schenn and loses puck.
18:52 of 3rd period - Shot by Trevor Lewis.
18:52 of 3rd period - Shot Misses the Net.
19:39 of 3rd period - Shot by Sean Monahan.
19:39 of 3rd period - Shot Hit the Post.
Goals for this period are 0 for WINNIPEG BEAVERS vs 1 for SEATTLE GRUNGE.
Shots for this period are 8 for WINNIPEG BEAVERS vs 8 for SEATTLE GRUNGE.


BLAKE
WHEELER
STEVEN
STAMKOS
DREW
DOUGHTY

EAST COAST

HOCKEY LEAGUE

  • 63.RHI2PIT5
  • 64.WOR4ATL3
  • 65.QUECHW
  • 66.CHATRV